 Dungeon Crawl Stone Soup version 0.25-a0-566-g062765be81 (webtiles) character file.

Game seed: 10330427487216986582, levelgen mode: deterministic

511 kae the Sneak (level 6, -8/41 HPs)
             Began as a Vampire Enchanter on Feb 28, 2020.
             Killed by divine providence
             ... invoked by an orc priest
              (17 damage)
             ... on level 5 of the Dungeon.
             The game lasted 00:04:31 (4221 turns).

kae the Sneak (Vampire Enchanter)                   Turns: 4221, Time: 00:04:31

Health: -8/41      AC: 10    Str:  7    XL:     6   Next: 99%
Magic:  1/11       EV: 12    Int: 20    God:
Gold:   181        SH:  0    Dex: 14    Spells: 3/12 levels left

rFire    . . .     SeeInvis +   e - +1 dagger (protect)
rCold    . . .     Gourm    .   (no shield)
rNeg     . . .     Faith    .   b - +1 robe
rPois    .         Spirit   .   (no helmet)
rElec    .         Reflect  .   (no cloak)
rCorr    .         Harm     .   (no gloves)
MR       .....                  (no boots)
Stlth    +++.......             (no amulet)
HPRegen  0.33/turn              (no ring)
MPRegen  0.12/turn              (no ring)

@: protection aura, berserk cooldown, regenerating quickly, slowed, very slow
A: no food, fangs 3, see invisible, unbreathing
a: Exsanguinate


You were on level 5 of the Dungeon.
You were alive.

You visited 1 branch of the dungeon, and saw 5 of its levels.

You collected 181 gold pieces.

Inventory:

Hand Weapons
 a - a +1 dagger
 e - a +1 dagger of protection (weapon)
Armour
 b - a +1 robe (worn)
Jewellery
 h - an uncursed ring of flight
Wands
 f - a wand of acid (7)
Scrolls
 c - 4 scrolls of amnesia
 d - 4 scrolls of identify
 g - 4 scrolls of remove curse
 i - a scroll of noise {unknown}
 j - a scroll of fog
 m - a scroll of teleportation
 r - a scroll of enchant weapon
Potions
 s - a potion of cancellation


   Skills:
 * Level 5.1 Short Blades
 - Level 2.1 Dodging
 + Level 6.7 Stealth
 + Level 3.5 Spellcasting
 + Level 6.5 Hexes


You had 3 spell levels left.
You knew the following spells:

 Your Spells              Type           Power        Failure   Level  Hunger
a - Corona                Hex            ####...      1%          1    N/A
b - Ensorcelled Hibernat  Hex/Ice        ###...       5%          2    N/A
c - Confusing Touch       Hex            ####....     2%          3    N/A
d - Tukima's Dance        Hex            ####....     2%          3    N/A

Your spell library contained the following spells:

 Spells                   Type           Power        Failure   Level  Hunger
 Dazzling Flash           Conj/Hex       ###...       11%         3    N/A

Dungeon Overview and Level Annotations

Branches:
Dungeon (5/15)
 Temple: D:4-7

Altars:
Cheibriados
Okawaru
Qazlal
Trog
Zin

Shops:
D:4 (

Annotations:
D:3 1 runed translucent door


Innate Abilities, Weirdness & Mutations

You do not eat.
Your natural rate of healing is unusually fast.
You have razor-sharp teeth.
You have supernaturally acute eyesight. (SInv)
You can survive without breathing.


Message History

The orc priest hits you with a +0 trident!
Items here: )) [ ††† You barely miss the orc priest.
The orc priest is almost dead.
The orc priest mumbles some strange prayers to Beogh against you.
Beogh smites you!
* * * LOW HITPOINT WARNING * * *
You hit the orc priest but do no damage.
Your weapon exudes an aura of protection.
The orc priest is almost dead.
The orc priest looks braver for a moment.
Casting: Ensorcelled Hibernation (safe; 5% risk of failure)
Confirm with . or Enter, or press ? or * to list all spells.
You don't have enough magic to cast that spell.
You hit the orc priest.
The orc priest is almost dead.
The orc priest barely misses you.
The orc priest invokes the aid of Beogh against you.
Beogh smites you!
You die...

**,,,,,,****,* *,*
*,***,,,,,,,***##.*
**,.###*,,,*,,,,...*
****,,,....,,******#.#*
,,,,,,,,...,,* *..##
***,,,.,,#..** *#..#
****,,...#..#* ###.#*
,***,,.......#####...#
,,***,.......?..@....##
*,**,,.........o#####.#
**,,,*....<....## #.##
#### *,****.........#*
#..###..### ***
*#.........* ##.##..#..#
#
#.....$...#**###....#.###
#
#..........,*#....###..##
# * *#.........#..†.##.#
##..### *
**,,,,,,,,,*#..####.#*
###..#


You could see an orc priest.

Vanquished Creatures
  A scorpion (D:5)
  The ghost of Flugslaktarn the Skirmisher, a weakling MiFi (D:3)
  A bullfrog zombie (D:5)
  A hound (D:4)
  A centaur skeleton (D:4)
  Jessica (D:3)
  4 orc wizards
  2 worker ants
  7 adders
  A river rat (D:3)
  An ooze (D:1)
  3 dart slugs
  3 leopard geckos
  11 orcs
  A giant cockroach (D:3)
  3 goblins
  7 hobgoblins
  7 bats
  5 frilled lizards
  7 kobolds
  4 rats
72 creatures vanquished.

Notes
Turn   | Place    | Note
-------+----------+-------------------------------------------
     0 | D:1      | kae the Vampire Enchanter began the quest for the Orb.
     0 | D:1      | Reached XP level 1. HP: 13/13 MP: 3/3
   219 | D:1      | Reached XP level 2. HP: 19/19 MP: 5/5
   223 | D:1      | Learned a level 2 spell: Ensorcelled Hibernation
   593 | D:1      | Reached XP level 3. HP: 24/24 MP: 6/6
   683 | D:2      | Learned a level 3 spell: Confusing Touch
   810 | D:2      | Found a bloodstained altar of Trog.
   958 | D:2      | Reached skill level 5 in Stealth
  1400 | D:3      | Reached skill level 5 in Hexes
  1541 | D:3      | Found a runed translucent door.
  1542 | D:3      | Noticed Flugslaktarn's ghost (weakling MiFi)
  1606 | D:3      | Reached XP level 4. HP: 30/30 MP: 7/7
  1680 | D:3      | Found a runed translucent door.
  1699 | D:3      | Found a glowing silver altar of Zin.
  1771 | D:3      | Noticed Jessica
  1815 | D:3      | Killed Jessica
  1963 | D:3      | Found an iron altar of Okawaru.
  2017 | D:3      | Found a faded altar of an unknown god.
  2386 | D:3      | Found a faded altar of an unknown god.
  2470 | D:3      | Reached XP level 5. HP: 35/35 MP: 4/9
  2618 | D:3      | Found a runed translucent door.
  2632 | D:3      | Found an iron altar of Okawaru.
  2790 | D:3      | Found a glowing silver altar of Zin.
  2938 | D:3      | Found a runed translucent door.
  3108 | D:3      | Learned a level 3 spell: Tukima's Dance
  3142 | D:3      | Killed Flugslaktarn's ghost
  3267 | D:4      | Found a snail-covered altar of Cheibriados.
  3362 | D:4      | Reached XP level 6. HP: 38/41 MP: 1/10
  3468 | D:4      | Found a stormy altar of Qazlal.
  3798 | D:4      | Found Mamexzoi's Weapon Shop.
  4008 | D:5      | Entered Level 5 of the Dungeon
  4125 | D:5      | Reached skill level 5 in Short Blades
  4221 | D:5      | Killed from afar by an orc priest

Levels and vault maps discovered:
D:1:      dpeg_arrival_rooms_with_view, layout_basic
D:2:      layout_basic, overflow_temple_1_default
D:3:      layout_basic, overflow_temple_1_default, lemuel_doored_altar,
          chequers_ecumenical_altar_simple_redux, ebering_ghost_sewer_f,
          st_stairs_11, uniq_jessica
D:4:      layout_loops_ring, overflow_temple_1_default, first_ration,
          serial_shops, shop, grunt_ministairs_2,
          nicolae_qazlal_eye_of_the_storm
D:5:      layout_layer_cave, nicolae_overflow_crystal_walls, uniq_edmund,
          uniq_grinder

Skill      XL: |  1  2  3  4  5  6 |
---------------+-------------------+-----
Short Blades   | 2 3 4 5 |  5.1
Stealth        | 5 6 |  6.7
Hexes          | 5 6 |  6.5
Spellcasting   | 3 |  3.5
Dodging        | |  2.1

Action                   |  1- 3 |  4- 6 || total
-------------------------+-------+-------++-------
Melee: Dagger            |   104 |   169 ||   273
       Bite              |     7 |    11 ||    18
 Cast: Corona            |     6 |     1 ||     7
       Ensorcelled Hiber |     6 |    33 ||    39
       Confusing Touch   |       |     1 ||     1
  Use: Scroll            |     1 |    10 ||    11
       Potion            |       |    11 ||    11
 Stab: Sleeping          |    12 |    25 ||    37
       Distracted        |     1 |       ||     1
Armor: Robe              |    31 |    51 ||    82
Dodge: Dodged            |    81 |   123 ||   204

Table legend:
 A = Non-vault XP
 B = Vault XP
 C = Vault XP percentage of total XP
 D = Non-vault monster count
 E = Vault monster count
 F = Vault count percentage of total count
                 A         B        C        D         E       F
            +---------+---------+-------+---------+---------+-------
      Total |     553 |     177 |  24.2 |      61 |      11 |  15.3
            +---------+---------+-------+---------+---------+-------
        D:1 |      38 |       3 |   7.3 |      19 |       2 |   9.5
        D:2 |      28 |       0 |   0.0 |       9 |       0 |   0.0
        D:3 |     160 |     121 |  43.1 |      16 |       7 |  30.4
        D:4 |     124 |      53 |  29.9 |       7 |       2 |  22.2
        D:5 |     203 |       0 |   0.0 |      10 |       0 |   0.0
            +---------+---------+-------+---------+---------+-------
